 Dungeon Crawl Stone Soup version 0.27.1-33-g824d729ab1 (webtiles) character file.

Game seed: 4314120311752217561

30 unlimited1921 the Shield-Bearer (level 3, -2/19 HPs)
             Began as a Vine Stalker Fighter on Dec 30, 2021.
             Slain by a gnoll (3 damage)
             ... on level 2 of the Dungeon.
             The game lasted 00:06:41 (2648 turns).

unlimited1921 the Shield-Bearer (VSFi)              Turns: 2648, Time: 00:06:41

Health: -2/19      AC:  7    Str: 18    XL:     3   Next: 20%
Magic:  0/4        EV:  7    Int:  8    God:
Gold:   59         SH:  0    Dex: 14    Spells: 2/2 levels left

rFire    + . .     SeeInvis .   a - +0 long sword
rCold    + . .     Faith    .   c - +0 kite shield
rNeg     . . .     Spirit   +   b - +0 scale mail
rPois    +         Reflect  .   (no helmet)
rElec    +         Harm     .   l - +0 cloak
rCorr    +         Rampage  .   (no gloves)
Will     .....                  (no boots)
Stlth    ..........             (no amulet)
HPRegen  0.06/turn              (no ring)
MPRegen  0.09/turn              (no ring)

@: confused, resistant, ambrosia-drunk
A: fangs 2, magic shield, antimagic bite, no potion heal 2
a: no special abilities


You were on level 2 of the Dungeon.
You visited 1 branch of the dungeon, and saw 2 of its levels.

You collected 59 gold pieces.

Inventory:

Hand Weapons
 a - a +0 long sword (weapon)
Missiles
 h - 17 bolts
Armour
 b - a +0 scale mail (worn)
 c - a +0 kite shield (worn)
 l - a +0 cloak (worn)
Scrolls
 g - a scroll of amnesia {unknown}
 i - a scroll of immolation {unknown}
 k - a scroll of fear {unknown}
 m - a scroll of magic mapping {unknown}
Potions
 d - 2 potions of might
 e - a potion of resistance
 f - 2 potions of ambrosia
 j - a potion of curing {unknown}


   Skills:
 + Level 2.8 Fighting
 + Level 2.0 Long Blades
 + Level 2.7 Armour
 + Level 0.3 Dodging
 + Level 3.2 Shields


You had 2 spell levels left.
You didn't know any spells.
Your spell library contained the following spells:

 Spells                   Type           Power      Damage    Failure   Level
 Freeze                   Ice            0%         1d3       99%         1
 Frozen Ramparts          Ice            0%         1d2       100%        3
 Hailstorm                Conj/Ice       0%         3d3       100%        4


Dungeon Overview and Level Annotations

Branches:
Dungeon (2/15)

Altars:


Innate Abilities, Weirdness & Mutations

You have extremely sharp teeth.
When hurt, damage is shared between your health and your magic reserves.
Your bite disrupts and absorbs the magic of your enemies.
Potions cannot restore your health.


Message History

You barely miss the gnoll shaman.
The gnoll shaman is lightly wounded.
You block the gnoll's attack. The gnoll shaman closely misses you.
The gnoll hits you from afar with a +0 spear.
The gnoll shaman hits you with a +0 club.
You are too injured to fight recklessly!
The gnoll shaman invokes the aid of its god against you.
You are outlined in light.
The gnoll shaman calls upon its god to speed up the gnoll.
The gnoll seems to speed up.
The gnoll shaman calls upon its god to heal the gnoll.
The gnoll's wounds heal themselves!
You block the gnoll's attack. The gnoll closely misses you.
The gnoll hits you from afar with a +0 spear.
* * * LOW HITPOINT WARNING * * *
The gnoll hits you from afar with a +0 spear.
* * * LOW HITPOINT WARNING * * *
The gnoll hits you from afar with a +0 spear.
* * * LOW HITPOINT WARNING * * *
The gnoll hits you from afar with a +0 spear.
* * * LOW HITPOINT WARNING * * *
It was a potion of ambrosia.
You are confused.
Your system rejects the healing.
You feel invigorated.
You are no longer glowing.
The gnoll hits you but does no damage. The gnoll barely misses you.
You are too confused!
You bump into the rock wall.
The gnoll hits you from afar with a +0 spear.
The gnoll hits you with a +0 spear.
You are too confused!
It was a potion of resistance.
You feel protected. The gnoll hits you but does no damage.
You're too confused to move!
The gnoll hits you from afar with a +0 spear.
The gnoll shaman hits you but does no damage.
The gnoll hits you from afar with a +0 spear.
You die...

## #.#####.# .##
#.......# ..######.####
.#
...####...##########....
...'....................
...####...######.####...
..####...## #.# .##
#.....# #.##### ##
#.....# #@##.. # #.....#
#g##.# ### ##...##
#g##.###.# . ..# ##.##
#gg......# . #.# #.#
####.##### #####. #.##
#†# #.# #..... .#.####.#
#.# ###..... ###.....#
#.######.......
.#.######
#.g...gg.g...#.


You could see a gnoll shaman and 3 gnolls.

Vanquished Creatures
  3 bats (D:2)
  3 endoplasms
  5 giant cockroaches
  A goblin (D:1)
  A quokka (D:2)
  6 ball pythons
  6 kobolds
  5 rats
30 creatures vanquished.

Vanquished Creatures (others)
  2 demonic plants (D:2)
2 creatures vanquished.

Grand Total: 32 creatures vanquished

Notes
Turn   | Place    | Note
-------+----------+-------------------------------------------
     0 | D:1      | unlimited1921 the Vine Stalker Fighter began the quest for
                  | the Orb.
     0 | D:1      | Reached XP level 1. HP: 11/11 MP: 2/2
   443 | D:1      | Reached skill level 3 in Shields
   443 | D:1      | Reached XP level 2. HP: 13/16 MP: 3/3
  2111 | D:2      | Reached XP level 3. HP: 19/19 MP: 4/4
  2648 | D:2      | Slain by a gnoll

Illustrated notes

Levels and vault maps discovered:
D:1:      minmay_arrival_radiant_lines, layout_basic
D:2:      layout_loops_corners, dreamdust_ecumenical_altar_sealed_demon

Skill      XL: |  1  2 |
---------------+-------+-----
Shields        | 3 |  3.2
Long Blades    | 2 |  2.0
Fighting       | |  2.8
Armour         | |  2.7
Dodging        | |  0.3

Action                   || total
-------------------------++-------
Melee: Long sword        ||    86
       Bite              ||    21
  Use: Potion            ||     2
Armor: Scale mail        ||    52
Dodge: Dodged            ||    32
Block: Kite shield       ||    56
       Rpst.: Long sword ||     9
